Construct Section Command Post
Selects Indian Artillery Battlegroup
Construct Platoon Command Post
Unlock M3 Stuart Light Tanks
6-pounder Anti-tank Gun Team
Construct Field Infirmary
Selects Gurkha Rifles Section
6-pounder Anti-tank Gun Team
Unlock Bishop Self-propelled Artillery
Bishop Self-propelled Artillery
Selects Artillery Saturation
Bishop Self-propelled Artillery
6-pounder Anti-tank Gun Team
Selects Off-map Airburst Barrage
Selects Perimeter Monitor